 Dungeon Crawl Stone Soup version 0.28.0-49-g6dfe1f597d (webtiles) character file.

Game seed: 14507066981904406314

1334 styxcanada the Covert (level 8, -3/40 HPs)
             Began as a Spriggan Brigand on May 10, 2022.
             Slain by a centaur
             ... wielding a +0 whip
              (5 damage)
             ... on level 6 of the Dungeon on May 11, 2022.
             The game lasted 00:27:59 (6662 turns).

styxcanada the Covert (Spriggan Brigand)            Turns: 6662, Time: 00:28:00

Health: -3/40      AC:  3    Str:  7    XL:     8   Next: 35%
Magic:  14/14      EV: 19    Int: 13    God:
Gold:   238        SH:  0    Dex: 18    Spells: 9/14 levels left

rFire   . . .      SeeInvis +   a - +2 dagger
rCold   . . .      Faith    .   (no shield)
rNeg    . . .      Spirit   .   b - +0 robe
rPois   .          Reflect  .   (helmet restricted)
rElec   .          Harm     .   c - +0 cloak
rCorr   .          Rampage  .   (gloves unavailable)
Will    +....                   (boots unavailable)
Stlth   ++++......              (no amulet)
HPRegen 0.13/turn               (no ring)
MPRegen 0.14/turn               (no ring)

@: very quick
A: very small, no large weapons, unfitting armour, see invisible, speed 3
a: no special abilities


You were on level 6 of the Dungeon.
You visited 1 branch of the dungeon, and saw 6 of its levels.

You collected 238 gold pieces.

Inventory:

Hand Weapons
 a - a +2 dagger (weapon)
 h - a +0 hunting sling
Missiles
 d - a poisoned dart (quivered)
 f - 36 sling bullets
 g - 170 stones
Armour
 b - a +0 robe (worn)
 c - a +0 cloak (worn)
Jewellery
 n - an amulet of regeneration
Scrolls
 o - a scroll of brand weapon {unknown}
 q - a scroll of silence {unknown}
 r - a scroll of teleportation {unknown}
Potions
 i - a potion of resistance
 j - 2 potions of berserk rage {unknown}
 k - a potion of haste {unknown}
 l - a potion of brilliance {unknown}
 p - a potion of lignification {unknown}


   Skills:
 * Level 3.1 Fighting
 + Level 3.5 Short Blades
 + Level 3.7(4.6) Slings
 + Level 3.4(4.0) Throwing
 * Level 4.8 Dodging
 * Level 9.5 Stealth
 * Level 3.5 Spellcasting
 * Level 3.2 Hexes
 * Level 4.3 Translocations


You had 9 spell levels left.
You knew the following spells:

 Your Spells              Type           Power      Damage    Failure   Level
a - Confusing Touch       Hex            10%        N/A       17%         3
b - Blink                 Tloc           26%        N/A       5%          2

Your spell library contained the following spells:

 Spells                   Type           Power      Damage    Failure   Level
 Lesser Beckoning         Tloc           13%        N/A       11%         3
 Manifold Assault         Tloc           13%        N/A       71%         5
 Yara's Violent Unravell  Hex/Tmut       3%         3d4       97%         5
 Enfeeble                 Hex            5%         N/A       100%        7


Dungeon Overview and Level Annotations

Branches:
Dungeon (6/15)
 Temple: D:4-7

Altars:
Ashenzari


Innate Abilities, Weirdness & Mutations

You are very small and have problems with some larger weapons.
You are too small for most types of armour.
You have supernaturally acute eyesight. (SInv)
You cover ground extremely quickly. (Speed+++)


Message History

The sling bullet hits the centaur skeleton.
The centaur skeleton is almost destroyed.
Things that are here:
a +0 club; a +0 arbalest Fire: 38 sling bullets
Press: ? - help, Q - select action, (/) - cycle Shift-Dir - straight line, f/p - centaur skeleton
Aim: a centaur skeleton (almost destroyed, 98% to hit)
You shoot a sling bullet.
The sling bullet hits the centaur skeleton.
The centaur skeleton is almost destroyed.
You see here a poisoned dart.
Fire: 37 sling bullets
Press: ? - help, Q - select action, (/) - cycle Shift-Dir - straight line, f/p - centaur skeleton
Aim: a centaur skeleton (almost destroyed, 98% to hit)
You shoot a sling bullet.
The sling bullet hits the centaur skeleton.
The centaur skeleton is almost destroyed.
There is a stone staircase leading down here.
Found 2 large rocks.
A water moccasin comes into view.
A sourceless malevolence fills the Dungeon... and a teleportation trap spontaneously manifests!
You are yanked towards a nearby monster!
Your surroundings suddenly seem different.
A centaur comes into view. It is wielding a +0 whip.
Found a book of Winter.
The water moccasin moves out of view.
a - a +2 dagger (weapon)
Found a ruby potion.
The centaur shouts!
The centaur hits you with a +0 whip.
* * * LOW HITPOINT WARNING * * *
The centaur closely misses you.
You hit the centaur.
The centaur is lightly wounded.
The centaur completely misses you. The centaur misses you.
You hit the centaur.
The centaur is moderately wounded.
The centaur completely misses you. The centaur kicks you.
* * * LOW HITPOINT WARNING * * *
The centaur hits you with a +0 whip.
You die...

.....:#
......#
#.....#
#.....#
#.....#
#.....#
#.....###
#........
#@....##.
......c##.###
....... .#
....... .#
....... .#
....... .
...!... S
....... ..
...


You could see a centaur.

Vanquished Creatures
  A two-headed ogre (D:6)
  2 black bears
  An ogre (D:5)
  A phantom (D:5)
  A bullfrog (D:6)
  An orc priest (D:3)
  2 iguanas (D:5)
  2 orc wizards
  A gnoll (D:1)
  8 adders
  A white imp (D:6)
  2 worms (D:2)
  2 dart slugs
  13 orcs
  8 endoplasms
  6 giant cockroaches
  13 goblins
  6 hobgoblins
  2 jackals
  6 quokkas
  5 ball pythons
  10 bats
  5 frilled lizards
  7 kobolds
  12 rats
118 creatures vanquished.

Notes
Turn   | Place    | Note
-------+----------+-------------------------------------------
     0 | D:1      | styxcanada the Spriggan Brigand began the quest for the
                  | Orb.
     0 | D:1      | Reached XP level 1. HP: 10/10 MP: 2/2
    42 | D:1      | Reached skill level 6 in Stealth
    42 | D:1      | Reached XP level 2. HP: 15/15 MP: 3/3
   303 | D:1      | Reached XP level 3. HP: 18/18 MP: 4/4
   320 | D:1      | Reached skill level 7 in Stealth
  1104 | D:1      | Found a faded altar of an unknown god.
  1774 | D:2      | Reached XP level 4. HP: 23/23 MP: 5/5
  2484 | D:2      | Reached skill level 1 in Spellcasting
  2824 | D:3      | Learned a level 3 spell: Confusing Touch
  2827 | D:3      | Learned a level 2 spell: Blink
  2969 | D:3      | Reached XP level 5. HP: 26/26 MP: 7/7
  2997 | D:3      | Reached skill level 8 in Stealth
  3035 | D:3      | Reached skill level 1 in Translocations
  3968 | D:3      | Found a broken altar of Ashenzari.
  4533 | D:4      | Upgraded the game from 0.28.0-47-ge53b351184 to
                  | 0.28.0-49-g6dfe1f597d
  5035 | D:4      | You fall into a shaft and drop 1 floor!
  5035 | D:5      | Entered Level 5 of the Dungeon
  5063 | D:5      | Noticed an ogre
  5066 | D:5      | Noticed a black bear
  5067 | D:5      | Killed an ogre
  5068 | D:5      | Reached skill level 1 in Hexes
  5068 | D:5      | Reached XP level 6. HP: 30/30 MP: 8/10
  5816 | D:5      | Reached skill level 1 in Slings
  5853 | D:5      | Reached XP level 7. HP: 25/35 MP: 11/11
  6184 | D:5      | Reached skill level 9 in Stealth
  6530 | D:6      | Noticed a two-headed ogre
  6596 | D:6      | Killed a two-headed ogre
  6597 | D:6      | Reached XP level 8. HP: 24/40 MP: 12/14
  6662 | D:6      | HP: 2/40 [centaur/+0 whip (2)]
  6662 | D:6      | Slain by a centaur

Illustrated notes

Levels and vault maps discovered:
D:1:      dpeg_arrival_central, layout_rooms,
          dreamdust_ecumenical_altar_hidden_monk_grotto, minmay_close_crescents
D:2:      layout_basic, minmay_surrounded
D:3:      minmay_razor_zed, layout_loops_corners, ashenzari_conservatory_becter,
          amethyst_killhole
D:4:      layout_gridville, grunt_decor_junction
D:5:      layout_loops_ring, kennysheep_nondescript
D:6:      layout_rooms, minmay_parallelograms, uniq_blork_the_orc

Skill      XL: |  1  2  3  4  5  6  7 |
---------------+----------------------+-----
Stealth        | 6 7 8 9 |  9.5
Dodging        | 2 3 4 |  4.8
Fighting       | 2 3 |  3.1
Spellcasting   | 1 2 3 |  3.5
Translocations | 1 2 4 |  4.3
Short Blades   | 3 |  3.5
Hexes          | 1 3 |  3.2
Slings         | 1 3 |  3.7
Throwing       | 3 |  3.4

Action                   |  1- 3 |  4- 6 |  7- 9 || total
-------------------------+-------+-------+-------++-------
Melee: Dagger            |   106 |   178 |    59 ||   343
       Punch             |       |     4 |     2 ||     6
 Fire: Hunting sling     |       |    42 |     5 ||    47
Throw: Dart              |    25 |    59 |    21 ||   105
       Stone             |       |     2 |     1 ||     3
 Cast: Blink             |       |     1 |       ||     1
       Confusing Touch   |       |       |     1 ||     1
  Use: Scroll            |     2 |     5 |       ||     7
 Stab: Sleeping          |    18 |    19 |     2 ||    39
       Distracted        |       |       |     1 ||     1
Armor: Robe              |    12 |    18 |     6 ||    36
Dodge: Dodged            |    67 |   134 |    44 ||   245
